 Dungeon Crawl Stone Soup version 0.24.1-1-gd1d2a07e1b (webtiles) character file.

Game seed: 344842772670875377, levelgen mode: deterministic

507858 raph the Hoplite (level 24, -1/222 HPs)
             Began as a Minotaur Berserker on Apr 6, 2020.
             Was the Champion of Trog.
             Splashed by a caustic shrike's acid (9 damage)
             ... on level 4 of the Depths on Apr 10, 2020.
             The game lasted 03:42:33 (60527 turns).

raph the Hoplite (Minotaur Berserker)              Turns: 60527, Time: 03:42:33

Health: -1/222     AC: 18    Str: 30    XL:     24   Next: 23%
Magic:  32/32      EV: 26    Int: 13    God:    Trog [******]
Gold:   2869       SH: 36    Dex: 25    Spells: 23/23 levels left

rFire    + + .     SeeInvis +   a - +6 demon whip (freeze)
rCold    + + .     Gourm    .   r - +8 large shield
rNeg     + . .     Faith    .   G - +6 scale mail of Sif Muna's Supremacy {Str+5 Int+4 SInv}
rPois    +         Spirit   .   z - +2 hat
rElec    .         Reflect  .   D - scarf {rC+ rF+}
rCorr    .         Harm     .   u - +0 pair of fencer's gloves {Riposte Dex+3}
MR       ++++.     Clarity  +   o - +2 pair of boots "Gamitziocs" {Dex+3}
Stlth    +.........             O - amulet of regeneration
HPRegen  2.27/turn              T - ring "Legiucy" {rF+ rC+ MR+ Int+5}
MPRegen  0.23/turn              S - ring of the Ageless Nights {rPois rN+ Slay+2}

@: about to teleport, corroded, berserk cooldown, very slightly contaminated,
regenerating, slowed, very slow
A: retaliatory headbutt, horns 2, iridescent scales 1, clarity, regeneration 1
}: 2/15 runes: decaying, serpentine
a: Berserk, Trog's Hand, Brothers in Arms, Renounce Religion


You were on level 4 of the Depths.
You worshipped Trog.
Trog was exalted by your worship.
You were not hungry.

You visited 8 branches of the dungeon, and saw 43 of its levels.
You also visited: Ossuary, Bailey and Desolation.

You collected 5354 gold pieces.
You spent 2485 gold pieces at shops.

Inventory:

Hand Weapons
 a - a +6 demon whip of freezing (weapon)
 b - a +8 hand crossbow of velocity
 w - a +2 morningstar of holy wrath
 Y - the +10 demon whip of Regicide {pain, rC+}
   (You acquired it on level 11 of the Dungeon)

   In the hands of one skilled in necromantic magic, it inflicts extra damage on
   living creatures.
   It protects you from cold.
Missiles
 d - 14 boomerangs of dispersal (quivered)
 i - 8 silver boomerangs
 s - 1821 bolts
Armour
 k - a scarf of cloud immunity
 o - the +2 pair of boots "Gamitziocs" (worn) {Dex+3}
   (You acquired it on level 3 of the Elven Halls)

   It affects your dexterity (+3).
 r - a +8 large shield (worn)
 u - the +0 pair of fencer's gloves (worn) {Riposte Dex+3}
   (You found it on level 3 of the Elven Halls)

   It affects your dexterity (+3).
 z - a +2 hat (worn)
 D - a scarf of resistance (worn)
 G - the +6 scale mail of Sif Muna's Supremacy (worn) {Str+5 Int+4 SInv}
   (You found it on level 8 of the Dungeon)

   It affects your strength (+5).
   It affects your intelligence (+4).
   It lets you see invisible.
Jewellery
 O - an amulet of regeneration (around neck)
 S - the ring of the Ageless Nights (right hand) {rPois rN+ Slay+2}
   (You found it on level 9 of the Dungeon)

   [ring of poison resistance]

   It affects your accuracy and damage with ranged weapons and melee attacks
   (+2).
   It protects you from poison.
   It protects you from negative energy.
 T - the ring "Legiucy" (left hand) {rF+ rC+ MR+ Int+5}
   (You took it off an efreet on level 11 of the Dungeon)

   [ring of protection from magic]

   It affects your intelligence (+5).
   It protects you from fire.
   It protects you from cold.
   It affects your resistance to hostile enchantments.
Wands
 q - a wand of flame (42)
 v - a wand of acid (24)
 M - a wand of digging (10)
 P - a wand of clouds (2)
 V - a wand of iceblast (22)
 W - a wand of scattershot (7)
Scrolls
 e - 32 scrolls of remove curse
 f - 3 scrolls of silence
 h - 3 scrolls of fog
 m - 20 scrolls of teleportation
 p - 4 scrolls of fear
 y - 6 scrolls of magic mapping
 F - 35 scrolls of identify
 H - 2 scrolls of holy word
Potions
 j - 24 potions of curing
 n - 7 potions of haste
 t - 7 potions of agility
 x - 8 potions of flight
 B - 5 potions of resistance
 K - 6 potions of cancellation
 L - a potion of heal wounds
 Q - 4 potions of might
 R - 3 potions of ambrosia
 X - a potion of brilliance
Miscellaneous
 g - a phial of floods
 C - 4 boxes of beasts
 E - a lamp of fire
 N - a sack of spiders
 U - a fan of gales
Comestibles
 c - 70 rations


   Skills:
 + Level 19.4 Fighting
 + Level 19.1 Maces & Flails
 + Level 17.7 Crossbows
 + Level 17.3 Armour
 + Level 16.1 Dodging
 - Level 25.0 Shields
 - Level 13.9 Evocations


You had 23 spell levels left.
You didn't know any spells.
Your spell library was empty.

Dungeon Overview and Level Annotations

Branches:
Dungeon (15/15)            Temple (0/1) D:6            Lair (6/6) D:8
  Swamp (4/4) Lair:2        Snake (4/4) Lair:3        Slime (0/5) Lair:6
    Orc (2/2) D:11            Elf (3/3) Orc:2        Vaults (4/5) D:13
  Crypt (0/3) Vaults:2     Depths (5/5) D:15        Ossuary (visited)
 Bailey (visited)         Desolation (visited)
    Zot: Depths:5

Altars:
Dithmenos
Kikubaaqudgha
Qazlal
Trog
Vehumet
Xom
Yredelemnul
Zin
Beogh
Jiyva

Shops:
D:6 ?   D:8 [   D:15 !*?:   Orc:2 [*(=   Elf:1 !   Snake:2 *:}?   Snake:4 (
Vaults:4 (   Depths:2 ?   Depths:3 (

Portals:
Hell: Depths:1 Depths:2 Depths:3 Depths:4
Abyss: Depths:2 Depths:4
Pandemonium: Depths:3
Ziggurat: Depths:5
Trove: Vaults:4 (give +2 gold dragon scales)

Annotations:
Swamp:3 1 transporter
Snake:4 1 exclusion


Innate Abilities, Weirdness & Mutations

You reflexively headbutt those who attack you in melee.
You have a pair of horns on your head.
You are partially covered in iridescent scales. (AC +2)
You possess an exceptional clarity of mind.
Your natural rate of healing is unusually fast.


Message History

* * * LOW HITPOINT WARNING * * *
You block the caustic shrike's attack. x3
Okay, then.
Press: ? - help, v - describe, . - travel The floor.
As you read the scroll of teleportation, it crumbles to dust.
You feel strangely unstable. You block the caustic shrike's attack.
The caustic shrike claws you!
* * * LOW HITPOINT WARNING * * *
You are splashed with acid!
* * * LOW HITPOINT WARNING * * *
The caustic shrike claws you but does no damage.
You block the caustic shrike's attack. x2
The caustic shrike completely misses you.
You riposte.
You hit the caustic shrike.
The caustic shrike is moderately wounded.
You block the caustic shrike's attack. The caustic shrike claws you!
* * * LOW HITPOINT WARNING * * *
The acid corrodes you!
You are splashed with acid!
You die...

##########.##########)#)##.......
.#.#.#.#.#.#(#.#.#.#.#.#.#.......
#.#.#.#.##.##.#.#.#.#.#.##.[.....
.#.#.#.#.#.#[#.#.#.#.#.#.#.......
##########.###############.......
#...#.............≈....(.....
##....................(......
#...................(.......
###........b@.......(........
#..........bb....(...........
####.........................###
##.........................§≈...#
............C..............≈.....
##...#....................≈≈§≈≈≈.
#....#.....(............[...≈≈≈§
#....#.........................≈
#...##..................<.......


You could see 3 caustic shrikes and a frost giant.

Vanquished Creatures
  An ancient lich (Depths:3)
  Mara (Vaults:3)
  A juggernaut (Depths:4)
  Boris (twice) (Vaults:2 Depths:3)
  Bai Suzhen (Depths:2)
  Saint Roka (Elf:3)
  2 caustic shrikes
  Jory (Depths:3)
  Jorgrun (D:12)
  A tentacled monstrosity (Swamp:2)
  Asterion (Snake:1)
  Rupert (D:13)
  A lich (Vaults:4)
  2 quicksilver dragons (Depths:4)
  4 deep elf blademasters
  2 deep elf master archers (Elf:3)
  Gastronok (Lair:2)
  2 sphinxes (Depths:4)
  2 thorn hunters
  2 storm dragons
  A tengu reaver (Vaults:4)
  9 nagarajas
  8 fire giants
  6 deep elf sorcerers
  4 imperial myrmidons (Desolation)
  2 orc warlords
  An iron dragon (Depths:4)
  7 frost giants
  12 vault wardens
  9 deep elf elementalists
  A balrug (Depths:1)
  Aizul (Swamp:3)
  20 stone giants
  2 spriggan defenders
  8 deep elf demonologists
  14 ironheart preservers
  27 very ugly things
  9 vampire knights
  Nessos (D:13)
  2 halazid warlocks (Desolation)
  A dire elephant (D:15)
  11 deep elf annihilators
  A red draconian (Depths:5)
  Azrael (Snake:3)
  A spark wasp (Depths:4)
  6 deep elf death magi
  A merfolk javelineer (Depths:2)
  A blizzard demon (Depths:3)
  A crystal guardian (Vaults:3)
  9 fire dragons
  10 ettins
  3 deep elf high priests (Elf:3)
  8 vault guards
  11 yaktaur captains
  6 jiangshi (Depths:3)
  Erolcha (D:10)
  3 ragged hierophants (Desolation)
  Fannar (D:12)
  25 hydras
  5 servants of whispers (Desolation)
  The ghost of Sassenached the Destroyer, a journeyman DrCj of Vehumet (D:10)
  6 peacekeepers
  2 great orbs of eyes
  A ghost crab (Swamp:1)
  A monstrous demonspawn (Depths:3)
  4 rakshasas
  9 ice dragons
  A spriggan air mage (Depths:2)
  3 catoblepae
  12 ogre magi
  17 naga warriors
  2 shambling mangroves
  32 two-headed ogres
  8 centaur warriors
  24 dancing weapons
  5 anacondas
  8 deep troll shamans
  13 deep troll earth magi
  7 alligators
  5 death yaks
  10 naga sharpshooters
  7 vampire magi
  8 tengu warriors
  3 shock serpents
  Urug (D:13)
  3 spriggan berserkers
  4 orc high priests
  3 sun demons
  Sonja (D:11)
  28 deep elf knights
  2 titan skeletons (Depths:2)
  7 skeletal warriors
  3 iron trolls (Depths:3)
  An unseen horror (shapeshifter) (Vaults:4)
  A flayed ghost (Vaults:2)
  13 swamp dragons
  34 deep trolls
  5 wizards
  5 sea snakes (Snake:4)
  7 naga ritualists
  A golden dragon zombie (Depths:2)
  15 ironbrand convokers
  2 unseen horrors
  2 glowing orange brains
  2 large abominations (Elf:1)
  2 spriggan druids (Swamp:4)
  A gelid demonspawn (Depths:3)
  5 harpies
  18 deep elf archers
  5 phantasmal warriors (Depths:3)
  4 lindwurms
  5 necromancers
  10 orc knights
  2 fire giant zombies (Depths:3)
  31 ugly things
  3 mana vipers
  4 oklob plants (Lair:6)
  2 wolf spiders
  2 orc sorcerers
  64 deep elf magi
  5 frost giant zombies (Depths:3)
  12 elephants
  7 cyclopes
  8 salamanders
  5 manticores
  Maurice (D:12)
  13 vault sentinels
  A torpor snail (Lair:5)
  A centaur zombie (D:12)
  35 black mambas
  22 naga magi
  2 guardian serpents
  21 spiny frogs
  A spiny frog (shapeshifter) (Depths:1)
  A stone giant skeleton (Vaults:3)
  A molten gargoyle (Elf:1)
  3 orange demons (D:13)
  A rime drake (Lair:5)
  35 yaktaurs
  A guardian mummy (Vaults:4)
  A spark wasp simulacrum (Depths:2)
  6 freezing wraiths
  17 trolls
  2 efreet
  2 red devils (D:13)
  7 komodo dragons
  4 tengu conjurers
  3 meliai (shapeshifter)
  3 meliai (D:13)
  The ghost of Sassenached the Twirler, an amateur DrWn (D:5)
  2 human skeletons
  A harpy zombie (D:15)
  3 polar bears (Lair:6)
  11 tyrant leeches
  A merfolk (D:10)
  17 hornets
  A raiju (Depths:3)
  A snapping turtle (shapeshifter) (Depths:5)
  9 bog bodies
  19 saltlings
  14 slime creatures
  12 hippogriffs
  15 dream sheep
  A meliai zombie (D:15)
  3 blink frogs (Swamp:1)
  10 spriggans
  An ettin skeleton (Vaults:2)
  4 air elementals
  3 shadows
  Sigmund (D:3)
  2 vampires
  24 flying skulls
  A wraith (Vaults:1)
  A ynoxinul (Depths:3)
  8 water elementals
  4 wyverns
  7 fire elementals
  60 yaks
  16 vampire mosquitoes
  3 basilisks
  2 neqoxecs (D:10)
  A hog (shapeshifter) (Depths:2)
  2 fire bats (Lair:6)
  17 humans
  2 hungry ghosts (D:13)
  A basilisk (shapeshifter) (Vaults:3)
  A warg (shapeshifter) (Elf:3)
  3 acid dragons
  38 nagas
  11 swamp worms
  3 wargs
  17 insubstantial wisps (Swamp:1)
  7 porcupines
  13 water moccasins
  9 hell hounds
  56 orc warriors
  Purgy (D:3)
  4 black bears
  9 swamp drakes
  2 sky beasts (D:12)
  6 necrophages
  4 ice beasts
  3 eyes of draining
  2 phantoms
  36 ogres
  An ogre (shapeshifter) (Elf:3)
  4 boggarts (Depths:2)
  16 wolves
  21 centaurs
  6 crocodiles
  The ghost of droganthewolf the Shield-Bearer, an amateur GrFi (D:3)
  5 elf zombies (Elf:1)
  2 big kobolds
  19 bullfrogs
  A glowing shapeshifter simulacrum (Vaults:2)
  4 water moccasin zombies (Ossuary)
  4 earth elementals
  5 scorpions
  A hornet simulacrum (Vaults:1)
  9 killer bees
  11 wights
  2 electric eels
  2 howler monkeys
  7 crimson imps
  A lava snake (Lair:6)
  2 human simulacra (Vaults:2)
  3 human zombies
  4 quasits (D:10)
  3 bullfrog skeletons
  7 hounds
  3 jellies
  3 centaur skeletons
  A gnoll shaman (D:8)
  29 orc priests
  Jessica (D:3)
  Natasha (thrice) (D:2)
  12 iguanas
  38 orc wizards
  18 worker ants
  4 big kobold zombies (Ossuary)
  A hound zombie (D:9)
  2 mummies (Ossuary)
  A worker ant zombie (D:11)
  23 gnolls
  19 adders
  4 shadow imps
  12 white imps (Lair:4)
  An ooze (D:4)
  2 adder zombies (Ossuary)
  2 adder skeletons
  3 worms
  4 dart slugs
  3 leopard geckos
  151 orcs
  2 giant cockroaches (D:1)
  29 goblins
  19 hobgoblins
  5 quokkas
  2 ball pythons
  9 bats
  4 frilled lizards
  2 gnoll zombies (Ossuary)
  5 hobgoblin zombies (Ossuary)
  14 kobolds
  5 kobold zombies (Ossuary)
  6 orc zombies
  A quokka skeleton (D:4)
  13 rats
  A briar patch (Swamp:2)
  A plant (Lair:6)
2093 creatures vanquished.

Vanquished Creatures (collateral kills)
  A deep elf elementalist (Elf:3)
  A naga warrior (Snake:4)
  2 two-headed ogres (D:14)
  An orc high priest (Orc:2)
  An ogre mage (D:14)
  3 dancing weapons (Elf:2)
  A naga ritualist (Snake:4)
  3 orc knights (Orc:2)
  2 orc sorcerers (Orc:2)
  A salamander (Snake:4)
  An elephant (Lair:2)
  A guardian serpent (Snake:4)
  4 naga magi (Snake:4)
  A kobold demonologist (D:14)
  A centaur simulacrum (D:14)
  2 hippogriffs (D:14)
  4 nagas (Snake:4)
  2 swamp drakes (Swamp:4)
  11 orc warriors
  2 ogres (D:14)
  A crocodile (D:14)
  5 orc wizards (Orc:2)
  3 orc priests (Orc:2)
  A gnoll (Bailey)
  2 orcs (Orc:2)
  A goblin (Bailey)
  2 hobgoblins (Bailey)
  A plant (Lair:6)
61 creatures vanquished.

Vanquished Creatures (others)
  A vampire knight (Depths:3)
  An ogre mage (Depths:3)
  3 spriggans (Swamp:1)
  2 deep elf magi
  A spiny frog (Swamp:1)
  3 hornets (Swamp:1)
  A blink frog (Swamp:1)
  A centaur simulacrum (D:14)
  An orc warrior (Vaults:2)
  A wolf (Depths:3)
  A briar patch (Swamp:2)
  A fungus (D:8)
  17 plants
  2 withered plants (D:5)
36 creatures vanquished.

Grand Total: 2190 creatures vanquished

Notes
Turn   | Place    | Note
-------+----------+-------------------------------------------
     0 | D:1      | raph the Minotaur Berserker began the quest for the Orb.
     0 | D:1      | Reached XP level 1. HP: 19/19 MP: 0/0
   113 | D:1      | Reached XP level 2. HP: 20/27 MP: 1/1
   746 | D:1      | Reached ** piety under Trog
   815 | D:2      | Reached XP level 3. HP: 32/33 MP: 2/2
  1451 | D:2      | Noticed Natasha
  1456 | D:2      | Killed Natasha
  1456 | D:2      | Reached XP level 4. HP: 40/40 MP: 3/3
  1476 | D:2      | Noticed Natasha
  1482 | D:2      | Killed Natasha
  1482 | D:2      | Reached skill level 5 in Maces & Flails
  1814 | D:2      | Noticed Natasha
  1824 | D:2      | Killed Natasha
  1824 | D:2      | Reached XP level 5. HP: 6/46 MP: 4/4
  2445 | D:3      | Noticed a necrophage
  2519 | D:3      | Noticed Jessica
  2523 | D:3      | Killed Jessica
  2523 | D:3      | Reached XP level 6. HP: 52/52 MP: 5/5
  2583 | D:3      | Noticed Purgy
  2603 | D:3      | Killed Purgy
  2699 | D:3      | Reached *** piety under Trog
  2756 | D:3      | Noticed Sigmund
  2760 | D:3      | Killed Sigmund
  2760 | D:3      | Reached skill level 5 in Armour
  2760 | D:3      | Reached XP level 7. HP: 59/59 MP: 6/6
  2896 | D:3      | Found a runed translucent door.
  2899 | D:3      | Noticed droganthewolf's ghost (amateur GrFi)
  2907 | D:3      | Killed droganthewolf's ghost
  3147 | D:4      | Found a shadowy altar of Dithmenos.
  3178 | D:4      | Reached skill level 5 in Dodging
  3504 | D:4      | Reached XP level 8. HP: 66/66 MP: 7/7
  3855 | D:4      | Reached **** piety under Trog
  4035 | D:5      | Entered Level 5 of the Dungeon
  4189 | D:5      | Found a shimmering altar of Xom.
  4265 | D:5      | Reached skill level 10 in Maces & Flails
  4364 | D:5      | Found a runed translucent door.
  4365 | D:5      | Noticed Sassenached's ghost (amateur DrWn)
  4505 | D:5      | Found a sand-covered staircase.
  4528 | Ossuary  | Entered an ossuary
  4941 | D:5      | Reached XP level 9. HP: 71/71 MP: 8/8
  5129 | D:5      | Killed Sassenached's ghost
  5247 | D:6      | Found a staircase to the Ecumenical Temple.
  5381 | D:6      | Found Wihis's Magic Scroll Shoppe.
  5385 | D:6      | Bought a scroll of enchant armour for 97 gold pieces
  5385 | D:6      | Bought a scroll of identify for 26 gold pieces
  5385 | D:6      | Bought a scroll of teleportation for 39 gold pieces
  5385 | D:6      | Bought a scroll of magic mapping for 45 gold pieces
  6332 | D:7      | Reached ***** piety under Trog
  7265 | D:8      | HP: 3/71 [orc warrior/+0 trident (15)]
  7498 | D:8      | Found a bloodstained altar of Trog.
  7522 | D:8      | Got a shimmering scale mail
  7533 | D:8      | Identified the +6 scale mail of Sif Muna's Supremacy {Str+5
                  | Int+4 SInv} (You found it on level 8 of the Dungeon)
  7710 | D:8      | Reached XP level 10. HP: 63/79 MP: 9/9
  7711 | D:8      | Found a staircase to the Lair.
  7715 | D:8      | Found Adwyol's Antique Armour Shoppe.
  7892 | D:8      | Bought a pair of glowing gloves for 217 gold pieces
  8054 | D:8      | Reached skill level 15 in Maces & Flails
  8179 | D:8      | Received a gift from Trog
  8653 | Lair:1   | Entered Level 1 of the Lair of Beasts
  8706 | Lair:1   | Noticed a spiny frog
  8714 | Lair:1   | Killed a spiny frog
  8847 | Lair:1   | You fall into a shaft and drop 1 floor!
  8847 | Lair:2   | Noticed an elephant
  8847 | Lair:2   | Noticed an elephant
  8848 | Lair:2   | Noticed an elephant
  8848 | Lair:2   | Noticed an elephant
  8848 | Lair:2   | Noticed an elephant
  8849 | Lair:2   | Noticed an elephant
  8857 | Lair:2   | Killed an elephant
  8859 | Lair:2   | Killed an elephant
  8861 | Lair:2   | Killed an elephant
  8861 | Lair:2   | Reached skill level 2 in Shields
  8864 | Lair:2   | Killed an elephant
  8864 | Lair:2   | Reached skill level 4 in Shields
  8869 | Lair:2   | Killed an elephant
  8870 | Lair:2   | Killed an elephant
  8870 | Lair:2   | Reached skill level 5 in Shields
  8917 | Lair:1   | Noticed a spiny frog
  8917 | Lair:1   | Noticed a spiny frog
  8923 | Lair:1   | Killed a spiny frog
  8923 | Lair:1   | Reached skill level 6 in Shields
  8928 | Lair:1   | Killed a spiny frog
  8928 | Lair:1   | Reached skill level 7 in Shields
  9061 | Lair:1   | Reached XP level 11. HP: 84/84 MP: 10/10
  9376 | Lair:1   | Reached skill level 8 in Shields
  9993 | Lair:2   | Noticed a seven-headed hydra
 10001 | Lair:2   | Killed a seven-headed hydra
 10001 | Lair:2   | Reached skill level 9 in Shields
 10313 | Lair:2   | Found a staircase to the Swamp.
 10775 | Lair:2   | Noticed Gastronok
 10788 | Lair:2   | Killed Gastronok
 10788 | Lair:2   | Reached skill level 11 in Shields
 11382 | Lair:3   | Reached skill level 12 in Shields
 11697 | Lair:3   | Found a staircase to the Snake Pit.
 11738 | Lair:3   | Reached skill level 13 in Shields
 12027 | Lair:3   | Reached XP level 12. HP: 91/91 MP: 11/11
 12153 | Lair:3   | Reached skill level 14 in Shields
 12173 | Lair:3   | Found the +8 whip "Snakebite" {curare, rPois}
 12821 | Lair:4   | Found a frozen archway.
 13152 | Lair:4   | Reached skill level 15 in Shields
 13173 | Lair:4   | Noticed a five-headed hydra
 13183 | Lair:4   | Killed a five-headed hydra
 14221 | Lair:5   | Noticed a catoblepas
 14231 | Lair:5   | Reached skill level 16 in Shields
 14239 | Lair:5   | Killed a catoblepas
 14707 | Lair:5   | Reached skill level 17 in Shields
 15305 | D:9      | Got a heavily runed steel ring
 15306 | D:9      | Identified the ring of the Ageless Nights {rPois rN+
                  | Slay+2} (You found it on level 9 of the Dungeon)
 15696 | D:9      | Received a gift from Trog
 15981 | D:10     | Entered Level 10 of the Dungeon
 16031 | D:10     | Noticed Erolcha
 16039 | D:10     | Killed Erolcha
 16144 | D:10     | Reached XP level 13. HP: 95/95 MP: 12/12
 16249 | D:10     | Noticed Sassenached's ghost (journeyman DrCj)
 16254 | D:10     | Found a transporter.
 16432 | D:10     | Reached skill level 18 in Shields
 16666 | D:10     | Found a transporter.
 17132 | D:11     | Identified the ring "Legiucy" {rF+ rC+ MR+ Int+5}
 17138 | D:11     | Reached skill level 19 in Shields
 17172 | D:11     | Found a flagged portal.
 17197 | D:11     | Reached ****** piety under Trog
 17209 | Bailey   | Entered a bailey
 17504 | Bailey   | Received a gift from Trog
 17823 | Bailey   | Noticed an orc warlord
 17828 | Bailey   | Reached skill level 1 in Crossbows
 17845 | Bailey   | Killed an orc warlord
 17845 | Bailey   | Received a gift from Trog
 17857 | Bailey   | Reached skill level 5 in Fighting
 18201 | D:11     | Found a staircase to the Orcish Mines.
 18406 | D:11     | Identified 2 scrolls of acquirement
 18407 | D:11     | Got a pitted demon whip
 18408 | D:11     | Identified the +10 demon whip of Regicide {pain, rC+} (You
                  | acquired it on level 11 of the Dungeon)
 18508 | D:11     | Noticed Sonja
 18515 | D:11     | Killed Sonja
 18650 | D:11     | Found an ancient bone altar of Kikubaaqudgha.
 18692 | D:11     | Got a brightly glowing pewter amulet
 18695 | D:11     | Identified the Grimoire of Harmful Flames
 18849 | Orc:1    | Entered Level 1 of the Orcish Mines
 18878 | Orc:1    | Found a roughly hewn altar of Beogh.
 18893 | Orc:1    | Received a gift from Trog
 19016 | Orc:2    | Entered Level 2 of the Orcish Mines
 19050 | Orc:2    | Found a staircase to the Elven Halls.
 19161 | Orc:2    | Identified the amulet "Zing" {Inacc Str+3 Dex+2} (You found
                  | it on level 11 of the Dungeon)
 19863 | Orc:2    | Received a gift from Trog
 20016 | Orc:2    | Reached XP level 14. HP: 109/112 MP: 13/13
 20021 | Orc:2    | Noticed an orc warlord
 20074 | Orc:2    | Killed an orc warlord
 20379 | Orc:2    | Reached skill level 20 in Shields
 20454 | Orc:2    | Reached skill level 5 in Crossbows
 20552 | Orc:2    | Received a gift from Trog
 20679 | Orc:2    | Found Okyzeho's Antique Armour Shop.
 20681 | Orc:2    | Found Rouket's Antique Weapon Shop.
 20685 | Orc:2    | Found Vygam's General Store.
 20685 | Orc:2    | Found Fucoefuc's Jewellery Boutique.
 20833 | Orc:2    | Bought an uncursed amulet of the acrobat for 510 gold
                  | pieces
 21080 | D:12     | Noticed Maurice
 21091 | D:12     | Killed Maurice
 21139 | D:12     | Noticed Fannar
 21150 | D:12     | Killed Fannar
 21507 | D:12     | Noticed Jorgrun
 21527 | D:12     | Killed Jorgrun
 21778 | D:12     | Received a gift from Trog
 22145 | D:13     | Found a gate to the Vaults.
 22145 | D:13     | Noticed Urug
 22145 | D:13     | Noticed Rupert
 22145 | D:13     | Noticed Nessos
 22198 | D:13     | Killed Nessos
 22240 | D:13     | Received a gift from Trog
 22255 | D:13     | Killed Rupert
 22264 | D:13     | Killed Urug
 22432 | D:13     | Reached skill level 21 in Shields
 22758 | D:13     | Reached XP level 15. HP: 105/120 MP: 14/14
 22865 | D:13     | Found a stormy altar of Qazlal.
 23442 | D:14     | Reached skill level 10 in Crossbows
 24767 | D:15     | Entered Level 15 of the Dungeon
 24889 | D:15     | Received a gift from Trog
 24917 | D:15     | Found the +3 giant club "Skullcrusher" {speed, Str+7}
 24999 | D:15     | Reached skill level 22 in Shields
 25298 | D:15     | Found Generog's Assorted Antiques.
 25306 | D:15     | Bought a potion of heal wounds for 185 gold pieces
 25387 | D:15     | Found Toeh's Distillery.
 25392 | D:15     | Bought a potion of heal wounds for 65 gold pieces
 25392 | D:15     | Bought a potion of invisibility for 104 gold pieces
 25533 | D:15     | Found Dimpasef's Magic Scroll Emporium.
 25551 | D:15     | Found a staircase to the Depths.
 25677 | D:15     | Found Ocvill's Book Shop.
 26104 | D:15     | Upgraded the game from 0.24.1 to 0.24.1-1-gd1d2a07e1b
 26304 | Swamp:1  | Entered Level 1 of the Swamp
 26372 | Swamp:1  | Received a gift from Trog
 26561 | Swamp:1  | Reached skill level 1 in Evocations
 26575 | Swamp:1  | Reached skill level 23 in Shields
 27459 | Swamp:2  | Reached XP level 16. HP: 118/128 MP: 16/16
 27972 | Swamp:2  | Received a gift from Trog
 28158 | Swamp:2  | Noticed a tentacled monstrosity
 28180 | Swamp:2  | Killed a tentacled monstrosity
 28337 | Swamp:2  | Noticed a thorn hunter
 28354 | Swamp:2  | Killed a thorn hunter
 28495 | Swamp:3  | Found a transporter.
 28495 | Swamp:3  | Found a transporter.
 28655 | Swamp:3  | Found a transporter.
 28656 | Swamp:3  | Found a transporter.
 28674 | Swamp:3  | Found a transporter.
 28735 | Swamp:3  | Noticed Aizul
 28761 | Swamp:3  | Killed Aizul
 29278 | Swamp:3  | Received a gift from Trog
 29378 | Swamp:3  | Got a translucent plate armour
 29379 | Swamp:3  | Identified the +0 plate armour of Inorhudeta {Str+4 Int+2}
                  | (You found it on level 3 of the Swamp)
 29417 | Swamp:4  | Entered Level 4 of the Swamp
 29820 | Swamp:3  | Reached skill level 10 in Fighting
 29946 | Swamp:4  | Noticed a thorn hunter
 29958 | Swamp:4  | Killed a thorn hunter
 29968 | Swamp:4  | Reached skill level 24 in Shields
 29997 | Swamp:4  | Reached skill level 5 in Evocations
 30526 | Swamp:4  | Paralysed by fainting for 7 turns
 30729 | Swamp:4  | Got a decaying rune of Zot
 31031 | Lair:6   | Entered Level 6 of the Lair of Beasts
 31067 | Lair:6   | Received a gift from Trog
 31514 | Lair:6   | Reached XP level 17. HP: 109/144 MP: 20/20
 31682 | Lair:6   | Received a gift from Trog
 31706 | Lair:6   | Found a viscous altar of Jiyva.
 31708 | Lair:6   | Found a staircase to the Slime Pits.
 33473 | Snake:1  | Entered Level 1 of the Snake Pit
 33487 | Snake:1  | Noticed Asterion
 33509 | Snake:1  | Killed Asterion
 33726 | Snake:1  | Received a gift from Trog
 34282 | Snake:1  | Reached skill level 25 in Shields
 34974 | Snake:2  | Found Oczi's Gadget Shop.
 34979 | Snake:2  | Found Usait's Magic Scroll Shop.
 34979 | Snake:2  | Found Hojet's Assorted Antiques.
 34983 | Snake:2  | Found Qativoi's Book Boutique.
 35004 | Snake:2  | Bought a scroll of acquirement for 780 gold pieces
 35404 | Snake:3  | Received a gift from Trog
 35440 | Snake:3  | Noticed Azrael
 35457 | Snake:3  | Killed Azrael
 36570 | Snake:3  | Received a gift from Trog
 36644 | Snake:4  | Entered Level 4 of the Snake Pit
 36965 | Snake:4  | Found Qurpho's Antique Weapon Boutique.
 37126 | Snake:4  | Reached XP level 18. HP: 102/159 MP: 22/24
 37187 | Snake:4  | Received a gift from Trog
 37494 | Snake:4  | Reached skill level 10 in Evocations
 37926 | Snake:4  | Reached skill level 15 in Fighting
 38319 | Snake:4  | Got a serpentine rune of Zot
 38927 | Snake:2  | Bought a scroll of enchant weapon for 112 gold pieces
 39171 | Orc:2    | Bought a scroll of enchant armour for 135 gold pieces
 39280 | D:10     | Gained mutation: You are dopey. (Int -2) [a neqoxec]
 39281 | D:10     | Gained mutation: Armour fits poorly on your strangely
                  | shaped body. [a neqoxec]
 39282 | D:10     | Gained mutation: You tend to lose your temper in combat. [a
                  | neqoxec]
 39285 | D:10     | Killed Sassenached's ghost
 39289 | D:10     | Received a gift from Trog
 39396 | Elf:1    | Entered Level 1 of the Elven Halls
 39435 | Elf:1    | Received a gift from Trog
 39758 | Elf:1    | Found Etis's Distillery.
 39768 | Elf:1    | Bought a potion of haste for 170 gold pieces
 39797 | Elf:1    | Found a ruined gateway.
 39831 | Desolati | Entered the Desolation of Salt
 40112 | Desolati | Got a fine silver ring
 40114 | Desolati | Identified the ring "Bizareub" {rElec rC+ rN+} (You found
                  | it in the Desolation of Salt)
 40121 | Desolati | Identified the Compendium of the Forgotten Songs
 40305 | Desolati | Received a gift from Trog
 40689 | Desolati | Reached XP level 19. HP: 174/174 MP: 27/27
 40787 | Desolati | Got a slimy glass ring
 40820 | Desolati | Identified the ring "Xigulur" {-Tele rF- MR+ Int+8 SInv}
                  | (You found it in the Desolation of Salt)
 40985 | Desolati | Identified the Volume of Unholy Magic
 41932 | Elf:2    | Found a runed translucent gate.
 41932 | Elf:2    | Found a runed translucent gate.
 41932 | Elf:2    | Found a runed translucent gate.
 41957 | Elf:2    | Received a gift from Trog
 42568 | Elf:2    | Received a gift from Trog
 43244 | Elf:3    | Entered Level 3 of the Elven Halls
 43428 | Elf:3    | Received a gift from Trog
 43648 | Elf:3    | Found a radiant altar of Vehumet.
 43840 | Elf:3    | Noticed Saint Roka
 43886 | Elf:3    | Killed Saint Roka
 44175 | Elf:3    | Gained mutation: You are occasionally teleported next to
                  | monsters. [a neqoxec]
 44255 | Elf:3    | HP: 1/179 [deep elf annihilator/bolt of lightning (30)]
 44257 | Elf:3    | Found the +0 pair of fencer's gloves {Riposte Dex+3}
 44839 | Elf:3    | Received a gift from Trog
 44981 | Elf:3    | Noticed a Tzitzimitl
 45281 | Elf:3    | Reached XP level 20. HP: 182/189 MP: 29/29
 45621 | Elf:3    | Received a gift from Trog
 46520 | Elf:3    | Identified the cursed +0 longbow of Putrescence {freeze,
                  | MR+}
 46559 | Elf:3    | Identified the +3 chain mail of Onge {+Inv MR- Int-3 SInv}
                  | (You found it on level 3 of the Elven Halls)
 46629 | Elf:3    | Got a pair of steaming boots
 46640 | Elf:3    | Identified the +2 pair of boots "Gamitziocs" {Dex+3} (You
                  | acquired it on level 3 of the Elven Halls)
 46810 | Elf:3    | Identified the +2 quarterstaff of Upheaval {drain, rF+
                  | Dex+4}
 47006 | Vaults:1 | Entered Level 1 of the Vaults
 47082 | D:14     | Lost mutation: You are dopey. (Int -2) [potion of mutation]
 47082 | D:14     | Lost mutation: Armour fits poorly on your strangely shaped
                  | body. [potion of mutation]
 47082 | D:14     | Gained mutation: You are somewhat resistant to further
                  | mutation. [potion of mutation]
 47082 | D:14     | Gained mutation: You have sharp toenails. [potion of
                  | mutation]
 47083 | D:14     | Lost mutation: You have sharp toenails. [potion of
                  | mutation]
 47083 | D:14     | Lost mutation: You are somewhat resistant to further
                  | mutation. [potion of mutation]
 47083 | D:14     | Lost mutation: You tend to lose your temper in combat.
                  | [potion of mutation]
 47083 | D:14     | Gained mutation: You have a pair of large horns on your
                  | head. [potion of mutation]
 47083 | D:14     | Gained mutation: Your natural rate of healing is unusually
                  | fast. [potion of mutation]
 48141 | Vaults:1 | Received a gift from Trog
 48525 | Vaults:2 | Noticed Boris
 48535 | Vaults:2 | Killed Boris
 48535 | Vaults:2 | Reached skill level 10 in Armour
 48564 | Vaults:2 | Lost mutation: You have a pair of large horns on your head.
                  | [potion of mutation]
 48564 | Vaults:2 | Lost mutation: You are occasionally teleported next to
                  | monsters. [potion of mutation]
 48564 | Vaults:2 | Gained mutation: You are clumsy. (Dex -2) [potion of
                  | mutation]
 48564 | Vaults:2 | Gained mutation: You possess an exceptional clarity of
                  | mind. [potion of mutation]
 48564 | Vaults:2 | Lost mutation: You are clumsy. (Dex -2) [potion of
                  | mutation]
 48564 | Vaults:2 | Gained mutation: You are partially covered in iridescent
                  | scales. (AC +2) [potion of mutation]
 48659 | Vaults:2 | Received a gift from Trog
 48811 | Vaults:2 | Found a staircase to the Crypt.
 48811 | Vaults:2 | Found an ancient bone altar of Kikubaaqudgha.
 48812 | Vaults:2 | Found a basalt altar of Yredelemnul.
 48942 | Vaults:2 | Received a gift from Trog
 49084 | Vaults:2 | Reached skill level 10 in Dodging
 49465 | Vaults:2 | Reached XP level 21. HP: 125/195 MP: 30/30
 49915 | Vaults:2 | Received a gift from Trog
 50567 | Vaults:2 | Received a gift from Trog
 50568 | Vaults:2 | Got a jewelled mace {god gift}
 50569 | Vaults:2 | Identified the +11 mace of Zirhei {crush, rC++} (Trog
                  | gifted it to you on level 2 of the Vaults)
 51134 | Vaults:3 | Noticed Mara
 51144 | Vaults:3 | Noticed raph's illusion
 51161 | Vaults:3 | Killed Mara
 51291 | Vaults:3 | Received a gift from Trog
 51755 | Vaults:3 | Received a gift from Trog
 52113 | Vaults:4 | Reached skill level 15 in Crossbows
 52118 | Vaults:4 | Reached XP level 22. HP: 204/204 MP: 31/31
 52133 | Vaults:4 | Received a gift from Trog
 52447 | Vaults:4 | Found Zityss's Weapon Boutique.
 53635 | Vaults:4 | Found a portal to a secret trove of treasure.
 54010 | Depths:1 | Entered Level 1 of the Depths
 54427 | Depths:1 | Received a gift from Trog
 54820 | Depths:1 | Found a gateway to Hell.
 54899 | Depths:2 | Found Lupih's Magic Scroll Shoppe.
 55159 | Depths:2 | Found a one-way gate to the infinite horrors of the Abyss.
 55187 | Depths:2 | Received a gift from Trog
 55209 | Depths:2 | Reached skill level 15 in Armour
 55341 | Depths:2 | Received a gift from Trog
 55595 | Depths:2 | Noticed Bai Suzhen
 55610 | Depths:2 | Killed Bai Suzhen
 56505 | Depths:3 | Received a gift from Trog
 56591 | Depths:3 | Reached XP level 23. HP: 211/211 MP: 32/32
 56768 | Depths:3 | Noticed Boris
 56792 | Depths:3 | Killed Boris
 57029 | Depths:3 | Received a gift from Trog
 57064 | Depths:3 | Identified the +6 battleaxe of Prudence {chop, rC+ Dex+4}
 57100 | Depths:3 | Noticed Jory
 57125 | Depths:3 | Killed Jory
 57125 | Depths:3 | Reached skill level 15 in Dodging
 57308 | Depths:3 | Noticed an ancient lich
 57570 | Depths:3 | Received a gift from Trog
 57720 | Depths:3 | Killed an ancient lich
 57859 | Depths:3 | Found Guxets's Antique Weapon Shoppe.
 58454 | Depths:3 | Found a basalt altar of Yredelemnul.
 58695 | Depths:3 | Found a one-way gate leading to the halls of Pandemonium.
 59117 | Depths:4 | Found a glowing silver altar of Zin.
 59796 | Depths:4 | Received a gift from Trog
 59809 | Depths:4 | Noticed a juggernaut
 59823 | Depths:4 | Killed a juggernaut
 59823 | Depths:4 | Reached XP level 24. HP: 221/221 MP: 13/32
 60319 | Depths:5 | Entered Level 5 of the Depths
 60371 | Depths:5 | Found a gateway to a ziggurat.
 60527 | Depths:4 | HP: 8/222 [caustic shrike (15)]
 60527 | Depths:4 | Splashed by a caustic shrike's acid

Levels and vault maps discovered:
D:1:      shiori_arrival_maze, layout_basic
D:2:      layout_loops_ring, first_ration, uniq_natasha
D:3:      layout_rooms, ebering_ghost_reflecting_pool, corexii_corridor_pit,
          uniq_sigmund, uniq_jessica, uniq_purgy
D:4:      layout_cave_pools, grunt_dithmenos_smoke
D:5:      layout_basic, enter_ossuary_3, gammafunk_ghost_grave, tgw_xom
D:6:      layout_basic, minmay_temple_entry_arrows, serial_shops,
          nicolae_shop_trees, dk_noncrumbling_3
D:7:      layout_gridville
D:8:      layout_loops_cross, grunt_lair_entry_orc_guard_hut, basic_altar,
          serial_shops, shop
D:9:      layout_gridville
D:10:     argonaut_augean_stables, layout_small_grid,
          gammafunk_ghost_stat_death, hangedman_stone_soup, uniq_erolcha
D:11:     minmay_the_grid_octo_triangle [minmay_the_grid_octo_vomiting_pacman,
          minmay_the_grid_octo_prize_single_spiral,
          minmay_the_grid_octo_fan_narrow], layout_long_grid, erik_orc_3,
          enter_bailey_3, uniq_sonja
D:12:     layout_basic, uniq_fannar, uniq_jorgrun, uniq_maurice
D:13:     layout_loops_ring, david_vaults_3, basic_altar,
          minmay_beelzebubs_servants
D:14:     layout_basic, chequers_big_river, grunt_potential
D:15:     hangedman_depths_entry_try_elsewhere_first, layout_basic,
          ebering_dispersal_statue_hall, serial_shops, shop,
          nicolae_shop_overgrown_old_shop, shop, shop, minmay_misc_feat_roman,
          minmay_guarded_unrand_skullcrusher
Lair:1:   layout_cave_pods, minmay_hedge_maze, ldierk_geyser,
          lemuel_fruit_fields, infiniplex_staircase_pool, serial_bayou_shore_b,
          lemuel_fruit_fields, lemuel_fruit_tree
Lair:2:   layout_cave_pods, minmay_swamp_entry_eels, uniq_gastronok
Lair:3:   beast_lair_carwin_large_4, layout_regular_city,
          minmay_snake_entry_guardpost_small, serial_bayou_crossing
Lair:4:   layout_regular_city, portal_ice_cave_entry_imps, roderic_carrion_pond,
          uniq_urug
Lair:5:   layout_concentric_octagons, serial_bayou_pond_e
Lair:6:   grunt_lair_end_beastmaster, layout_gridlike, slime_altar_1,
          gammafunk_lair_bear_cave, minmay_lair_oklob_chamber,
          infiniplex_staircase_pool_2
Swamp:1:  layout_falls_marsh, evilmike_swamp_ruin_house_2, swamp_pool1
Swamp:2:  cheibrodos_swamp_monstrosity, layout_falls_marsh,
          evilmike_swamp_ruin_house_4
Swamp:3:  gammafunk_the_bubble [the_bubble_gammafunk_roulette],
          layout_falls_marsh, hangedman_swamp_ruin_wall, uniq_aizul
Swamp:4:  swamp_alternative, layout_basic_swamp
Snake:1:  layout_chambers, hangedman_snake_pattern, uniq_asterion
Snake:2:  layout_misc_corridors, drop_trap, hangedman_corner_corridor,
          minmay_shoptagon, serial_bayou_shore_b
Snake:3:  layout_misc_corridors, eino_curves_04, uniq_azrael
Snake:4:  snake_pit, layout_chambers, serial_shops, nicolae_shop_crystal,
          guppyfry_snake_island
Orc:1:    layout_diamond_mine, mines2_david
Orc:2:    st_orc_congregation, layout_diamond_mine
Elf:1:    minmay_elf_arrival_plus, layout_geoelf_octagon, serial_shops, shop,
          portal_desolation_entry_salt, minmay_elf_necromancy
Elf:2:    layout_onion_city
Elf:3:    minmay_elf_hall_furrowed, layout_geoelf_castle, basic_altar,
          uniq_saint_roka
Vaults:1: hangedman_vaults_slice, v_pattern_1, nicolae_vaults_little_squares_1,
          hangedman_vaults_locks, vaults_room_pool, v_misc_26, v_misc_29,
          hangedman_vaults_slice, vaults_dpeg_cross, vaults_room_large_hall,
          nicolae_vaults_ring_of_whatevers, v_misc_19,
          nicolae_vaults_little_squares_4, nicolae_vaults_asterisk,
          layout_vaults_ring
Vaults:2: minmay_crypt_entry_necro_gods, ontoclasm_vaults_loading_screen,
          v_pattern_5, nicolae_vaults_network_quinsquares
          [nicolae_vaults_network_quincunx_subvault,
          nicolae_vaults_network_quincunx_subvault,
          nicolae_vaults_network_quincunx_subvault,
          nicolae_vaults_network_quincunx_subvault], vaults_room_hallway,
          ontoclasm_vaults_spin, vaults_room_glass_cross,
          hangedman_vaults_stitches, grunt_vaults_hallway_short,
          nicolae_vaults_little_squares_5, layout_vaults_omnicross, uniq_boris
Vaults:3: nicolae_vaults_lopsided_apartments, grunt_vaults_swirl,
          ontoclasm_vaults_idyll, hangedman_vaults_capsules, v_misc_26,
          v_misc_11, nicolae_vaults_border_crossing, v_misc_4, v_misc_22,
          vaults_room_pool, layout_vaults_omnibox, mu_enter_wizlab_5, uniq_mara
Vaults:4: vaults_room_stairs_pillars, v_alt_pattern_2, v_misc_14,
          grunt_vaults_hallway_long, nicolae_vaults_ring_of_whatevers,
          nicolae_vaults_halls_meeting, v_misc_11, layout_vaults_chaotic_city,
          serial_shops, nicolae_shop_stone, nicolae_trove_entry_path_of_doom
Depths:1: layout_cave_shapes, lightli_too_deep, minmay_misc_feat_chi, drop_trap,
          nrook_uturn, lemuel_flamethrower_3
Depths:2: minmay_connected_triangles_in_corner, layout_cave_pools, serial_shops,
          shop, abyss_entry, nicolae_water_bricks, hell_entry,
          kennysheep_generic_room_16, infiniplex_staircase_door_maze,
          uniq_bai_suzhen
Depths:3: lemuel_vampire_tower, layout_cave_pools, pf_hell_entry_tar_spiral,
          special_room [special_room_magic_class], serial_shops, shop,
          rand_demon_pan_entry_4, serial_bayou_shore_b,
          infiniplex_staircase_zigzag_2
Depths:4: minmay_quantized_circle, layout_cave_pools, abyss_entry,
          lemuel_round_altar, pf_hell_entry_great_geh,
          infiniplex_staircase_river, uniq_jory
Depths:5: grunt_x_marks_the_spot, layout_basic, enter_ziggurat_d, serial_shops,
          shop, hangedman_coc_ice_floe, grunt_pan_entry_sceptre,
          chequers_decorated_corner, chequers_serial_rivers_small_3,
          kennysheep_crisscross, roderic_serpentine_path, serial_bayou_shore_b

Skill      XL: |  1  2  3  4  5  6  7  8  9 10 11 12 13 14 15 16 17 18 19 20 21 22 23 24 |
---------------+-------------------------------------------------------------------------+-----
Maces & Flails | 4 5 6 7 8 11 14 16 17 18 19 | 19.1
Fighting       | 4 7 8 11 13 16 18 19 | 19.4
Armour         | 3 4 5 6 7 11 13 15 17 | 17.3
Dodging        | 3 4 5 6 10 12 14 15 16 | 16.1
Shields        | 7 13 17 19 21 23 24 25 | 25.0
Crossbows      | 3 9 10 13 15 16 17 | 17.7
Evocations     | 2 6 9 12 13 | 13.9

Action                   |  1- 3 |  4- 6 |  7- 9 | 10-12 | 13-15 | 16-18 | 19-21 | 22-24 || total
-------------------------+-------+-------+-------+-------+-------+-------+-------+-------++-------
Melee: Mace              |    52 |    92 |   292 |       |       |       |       |       ||   436
       Headbutt          |     3 |    17 |    80 |   151 |   393 |   394 |   566 |   595 ||  2199
       Morningstar       |       |       |   129 |   575 |   435 |       |       |    14 ||  1153
       Demon whip        |       |       |       |       |   734 |  1249 |  1504 |  1142 ||  4629
       Flail             |       |       |       |       |   104 |       |       |   150 ||   254
       Whip              |       |       |       |       |   266 |       |       |       ||   266
 Fire: Hand crossbow     |       |       |       |       |   129 |   421 |   312 |   270 ||  1132
Throw: Boomerang         |       |       |       |     1 |     2 |     1 |       |       ||     4
Invok: Berserk           |       |     1 |     9 |    12 |     6 |    13 |     4 |     5 ||    50
       Trog's Hand       |       |       |     2 |     7 |    13 |    21 |    10 |     4 ||    57
       Brothers in Arms  |       |       |       |     1 |     6 |     8 |     4 |     2 ||    21
Evoke: Wand              |       |       |       |       |     1 |     4 |     3 |       ||     8
       Lightning rod     |       |       |       |       |       |       |     1 |       ||     1
       Phial of floods   |       |       |       |       |       |       |     1 |       ||     1
  Use: Potion            |       |     3 |       |       |       |     3 |     9 |       ||    15
       Scroll            |       |       |    24 |     8 |    12 |    17 |    12 |     5 ||    78
 Stab: Sleeping          |     1 |       |       |       |       |       |       |       ||     1
       Petrified         |       |       |       |     2 |       |       |       |       ||     2
       Confused          |       |       |       |       |     5 |       |       |       ||     5
       Invisible         |       |       |       |       |       |     6 |       |       ||     6
       Petrifying        |       |       |       |       |       |     3 |       |       ||     3
  Eat: Chunk             |     2 |       |    22 |    32 |    47 |    21 |    35 |    19 ||   178
       Ration            |       |     1 |     1 |     3 |     1 |    13 |     3 |     5 ||    27
Armor: Animal skin       |     2 |       |       |       |       |       |       |       ||     2
       Plate armour      |    18 |    85 |   238 |       |       |       |       |       ||   341
       Scale mail        |       |       |     7 |   168 |   179 |   188 |   111 |   136 ||   789
Dodge: Dodged            |    34 |    59 |   195 |   151 |   216 |   186 |   177 |   363 ||  1381
Block: Large shield      |       |       |       |   397 |  1374 |  1203 |  1239 |  1439 ||  5652
       Rpst.: Demon whip |       |       |       |       |       |       |    24 |    37 ||    61
       Flail             |       |       |       |       |       |       |       |     9 ||     9
